Map: [EWC] Crimson Court

Players

Clem - Winner!

  • Race: Terran Terran
  • Spawn Location: 1:00

herO

  • Race: Protoss Protoss
  • Spawn Location: 7:00

Event: Esports World Cup 2024

VOD

Have the link to the VOD?

Description

Time

  • Played on: Aug. 18, 2024, 8:23 a.m.
  • Length: 14:53

All games in this series

Show
View Real Time Build Order
Export as new Build Order

Clem Terran - Winner!

Build Orders: Cyclone Opening 

Get SALT Encoding   

  12  0:00  SCV  
  13  0:12  SCV  
  14  0:17  Supply Depot  
  14  0:24  SCV  
  15  0:39  SCV  
  15  0:41  Barracks  
  16  0:43  Refinery  
  16  0:51  SCV  
  16  0:53  Refinery  
  17  1:03  SCV  
  18  1:15  SCV  
  19  1:28  Orbital Command, Reaper  
  19  1:29  Supply Depot  
  20  1:40  Factory  
  20  1:54  SCV  
  21  2:00  Barracks Reactor  
  21  2:06  SCV  
  22  2:14  Command Center  
  22  2:18  SCV  
  23  2:27  Hellion  
  24  2:30  SCV  
  25  2:37  Marine x2, Barracks  
  28  2:46  Supply Depot  
  28  2:51  Cyclone  
  29  2:55  Marine  
  29  2:56  Marine  
  31  3:08  SCV  
  32  3:13  Marine  
  32  3:14  Marine  
  32  3:20  SCV  
  32  3:23  Cyclone  
  32  3:25  Marine  
  34  3:30  Marine  
  34  3:32  SCV  
  36  3:34  Marine  
  35  3:43  Marine  
  35  3:44  SCV  
  35  3:45  Barracks  
  38  3:48  Marine  
  38  3:52  Marine  
  38  3:55  Orbital Command  
  39  3:57  SCV  
  39  3:59  Factory Tech Lab  
  40  4:05  Barracks Tech Lab  
  40  4:09  Marine  
  41  4:10  Marine  
  41  4:12  Supply Depot, SCV  
  43  4:19  Siege Tank  
  43  4:22  SCV  
  47  4:24  SCV  
  47  4:29  Marine x2  
  45  4:34  Barracks Tech Lab, Marauder  
  45  4:36  SCV  
  45  4:37  SCV  
  47  4:45  Stimpack  
  47  4:48  SCV  
  47  4:50  Supply Depot, SCV  
  47  4:52  Siege Tank  
  52  4:57  Combat Shield  
  52  4:59  Marine  
  53  5:00  Marine  
  53  5:01  SCV  
  53  5:04  SCV  
  53  5:06  Marauder  
  58  5:08  Marauder  
  58  5:12  Supply Depot  
  58  5:13  SCV  
  61  5:16  SCV  
  61  5:18  Marine  
  61  5:19  Marine  
  64  5:22  Starport  
  64  5:25  SCV  
  64  5:28  SCV  
  66  5:30  Supply Depot  
  66  5:35  Refinery  
  66  5:37  SCV, Marine, Marauder  
  66  5:38  Marine  
  66  5:40  SCV  
  66  5:41  Factory Reactor  
  72  5:44  Marauder  
  72  5:49  SCV  
  75  5:52  SCV  
  75  5:54  Engineering Bay  
  76  5:57  Supply Depot, Marine  
  76  5:59  Marine  
  76  6:02  SCV  
  76  6:03  Marauder  
  81  6:04  SCV  
  81  6:07  Refinery  
  81  6:08  Marauder  
  84  6:14  Supply Depot, SCV  
  84  6:16  Concussive Shells  
  85  6:21  Terran Infantry Weapons Level 1  
  85  6:23  SCV  
  85  6:24  Factory Reactor  
  85  6:25  Marine x3  
  88  6:26  SCV  
  88  6:29  Missile Turret  
  84  6:35  SCV  
  84  6:37  Missile Turret  
  85  6:41  SCV  
  86  6:47  SCV, Marine  
  86  6:50  Medivac  
  86  6:53  SCV  
  91  6:54  Medivac  
  91  7:00  Supply Depot, SCV  
  94  7:05  SCV  
  94  7:06  Widow Mine x2  
  99  7:10  Marauder  
  99  7:11  Marine  
  102  7:15  Supply Depot  
  102  7:21  Marine  
  102  7:22  Marauder  
  105  7:33  Widow Mine x2  
  105  7:35  SCV  
  110  7:41  Command Center  
  110  7:42  Marine x2  
  112  7:47  Supply Depot  
  112  7:50  Raven  
  114  7:52  Marauder  
  114  7:54  Marauder  
  117  8:01  Supply Depot  
  115  8:06  Barracks  
  115  8:09  Marine x2  
  115  8:10  Barracks  
  117  8:14  Supply Depot  
  117  8:15  Widow Mine  
  117  8:18  Widow Mine  
  117  8:19  SCV  
  122  8:21  SCV  
  123  8:29  Terran Infantry Armor Level 1  
  123  8:30  Supply Depot  
  123  8:31  SCV  
  124  8:37  Medivac x2  
  124  8:40  Marine  
  129  8:41  Marine  
  129  8:42  Supply Depot  
  129  8:45  Marauder  
  129  8:46  SCV  
  129  8:48  SCV  
  136  8:58  Barracks Tech Lab, Barracks Reactor  
  136  8:59  SCV  
  136  9:01  SCV  
  137  9:04  Marine x2  
  137  9:06  Marauder  
  137  9:08  Widow Mine x2  
  137  9:09  Marauder  
  145  9:11  SCV  
  145  9:13  Medivac  
  145  9:16  SCV  
  146  9:20  SCV, Marauder  
  146  9:22  Marine  
  146  9:24  SCV, Marine  
  149  9:28  SCV, Marauder  
  151  9:36  Orbital Command  
  151  9:37  Marine x2, Widow Mine  
  151  9:38  Widow Mine  
  157  9:41  Supply Depot, Marine  
  158  9:46  Medivac  
  158  9:47  Medivac  
  162  9:52  Missile Turret  
  162  9:53  Supply Depot  
  162  9:57  Ghost Academy  
  162  10:00  Marine  
  162  10:01  Marine x3  
  162  10:06  Marauder x2  
  170  10:08  Marauder  
  170  10:11  Widow Mine x2  
  154  10:16  Medivac  
  154  10:18  Marine  
  154  10:21  Supply Depot, Marine x2  
  149  10:22  Marine  
  148  10:29  Command Center  
  148  10:30  Ghost  
  148  10:32  Ghost  
  148  10:34  Ghost  
  148  10:36  Marine  
  148  10:38  Marine  
  127  10:45  Marine x2  
  127  10:47  Medivac x2  
  129  10:54  Marine  
  130  10:58  Ghost  
  130  10:59  Refinery x2  
  130  11:00  Armory  
  130  11:01  Ghost, Engineering Bay  
  130  11:04  Widow Mine  
  136  11:05  Widow Mine  
  136  11:08  Marine x2  
  136  11:10  Marine  
  141  11:14  Ghost  
  141  11:16  SCV  
  143  11:19  Marine  
  143  11:20  SCV  
  143  11:22  Viking  
  143  11:23  Medivac  
  148  11:26  SCV, Marine  
  148  11:27  Ghost  
  148  11:30  Marine x2  
  154  11:34  Widow Mine x2  
  154  11:36  Marine  
  154  11:37  Marine  
  154  11:39  SCV x3  
  163  11:49  Marine x3  
  163  11:52  Marauder  
  166  11:54  Marauder  
  166  11:57  Terran Infantry Armor Level 2, Terran Infantry Weapons Level 2  
  166  12:01  Marauder  
  170  12:05  SCV x3  
  173  12:10  Planetary Fortress  
  173  12:13  Marauder  
  173  12:15  Marine x4  
  179  12:18  SCV  
  179  12:19  SCV x2  
  179  12:20  Starport  
  180  12:28  Barracks  
  177  12:30  SCV  
  177  12:34  Barracks x2  
  177  12:36  Marine x3, Marauder  
  183  12:37  Marine  
  183  12:40  Viking  
  183  12:42  Viking  
  188  12:44  Marine  
  188  12:47  Marine  
  179  12:54  Marine  
  179  12:56  Marine  
  179  12:57  Marine, Marauder  
  179  12:58  Marine  
  182  13:02  Marine  
  182  13:05  Marine  
  171  13:10  Viking  
  171  13:12  Marine  
  172  13:14  Marine  
  172  13:16  Marine x2  
  172  13:17  Marauder  
  172  13:18  Command Center, Marauder  
  172  13:20  Liberator, Marauder  
  172  13:23  Marauder  
  179  13:29  Unknown, SCV x2  
  179  13:31  Sensor Tower  
  179  13:34  Barracks Tech Lab x2  
  177  13:35  Marine  
  177  13:38  Marauder, Medivac  
  177  13:40  Marauder  
  177  13:41  Medivac  
  186  13:43  Marine x2  
  186  13:44  Marine  
  186  13:46  SCV  
  190  13:53  Ghost  
  181  13:56  Marauder  
  181  13:57  Marine  
  181  13:58  Marine x2  
  181  13:59  Marine  
  181  14:02  Orbital Command  
  187  14:07  Marine x2, Medivac  
  187  14:08  Marine, Marauder  
  173  14:15  Marine  
  173  14:16  Marine, Marauder  
  173  14:17  Marauder  
  173  14:19  Marauder  
  173  14:22  Marine  
  173  14:26  SCV  
  173  14:27  SCV  
  173  14:28  SCV  
  173  14:30  Marauder  
  173  14:31  SCV, Marine  
Show
View Real Time Build Order
Export as new Build Order

herO Protoss 

Build Orders:  

Get SALT Encoding   

  12  0:00  Probe  
  13  0:12  Probe  
  14  0:17  Pylon  
  14  0:24  Probe  
  15  0:35  Gateway  
  15  0:36  Probe  
  15  0:41  Assimilator  
  16  0:48  Probe  
  17  0:52  Pylon  
  17  1:00  Probe  
  18  1:11  Gateway  
  18  1:12  Probe  
  19  1:23  Cybernetics Core  
  19  1:26  Zealot  
  19  1:29  Probe  
  22  1:38  Assimilator  
  22  1:41  Probe  
  22  1:45  Pylon  
  24  1:56  Adept x2 (Chrono Boost)  
  24  2:00  Warp Gate  
  27  2:03  Probe  
  28  2:19  Stalker  
  28  2:20  Stalker  
  32  2:31  Probe  
  33  2:49  Sentry  
  35  2:55  Sentry  
  35  2:57  Nexus  
  37  3:01  Pylon  
  37  3:04  Probe  
  36  3:16  Probe  
  31  3:28  Probe  
  31  3:31  Twilight Council  
  32  3:41  Probe  
  31  3:48  Stalker x2  
  31  3:53  Shield Battery, Probe  
  36  4:05  Probe (Chrono Boost)  
  36  4:09  Probe (Chrono Boost)  
  38  4:11  Stalker x2  
  43  4:18  Probe (Chrono Boost)  
  43  4:20  Probe (Chrono Boost)  
  44  4:24  Probe (Chrono Boost)  
  44  4:25  Probe (Chrono Boost)  
  46  4:33  Probe  
  46  4:34  Adept x2  
  46  4:35  Probe  
  50  4:40  Dark Shrine  
  48  4:47  Charge (Chrono Boost), Probe x2  
  48  4:49  Gateway  
  50  4:58  Assimilator  
  50  5:01  Probe x2  
  50  5:04  Assimilator  
  52  5:13  Zealot x2, Probe x2  
  58  5:18  Gateway  
  58  5:22  Pylon  
  58  5:25  Probe x2  
  60  5:30  Pylon  
  60  5:33  Shield Battery  
  60  5:34  Sentry  
  60  5:48  Nexus  
  60  5:52  Dark Templar  
  60  5:54  Dark Templar  
  62  6:00  Shield Battery, Sentry  
  62  6:01  Probe  
  62  6:03  Probe  
  66  6:06  Shadow Stride (Chrono Boost)  
  66  6:09  Forge  
  66  6:13  Probe  
  66  6:15  Probe  
  68  6:23  Dark Templar  
  70  6:29  Zealot x3  
  70  6:30  Probe  
  70  6:31  Probe  
  78  6:39  Gateway, Protoss Ground Weapons Level 1 (Chrono Boost)  
  74  6:41  Gateway  
  74  6:45  Probe (Chrono Boost)  
  74  6:46  Colossus  
  76  6:50  Probe (Chrono Boost)  
  76  6:53  Probe (Chrono Boost)  
  77  6:57  Probe (Chrono Boost)  
  77  6:58  Pylon  
  77  6:59  Probe  
  79  7:01  Dark Templar  
  79  7:06  Pylon  
  79  7:08  Dark Templar  
  83  7:11  Zealot  
  83  7:12  Zealot  
  83  7:15  Shield Battery  
  87  7:18  Probe x2  
  87  7:19  Probe  
  90  7:28  Robotics Facility  
  88  7:35  Zealot, Dark Templar  
  88  7:36  Zealot  
  92  7:38  Zealot x2  
  92  7:42  Probe x3  
  99  7:45  Zealot  
  99  7:46  Pylon  
  99  7:47  Phoenix  
  99  7:49  Pylon  
  100  7:55  Assimilator  
  100  7:56  Gateway  
  100  8:00  Gateway  
  100  8:04  Probe x3  
  103  8:09  Sentry, Nexus  
  105  8:15  Immortal (Chrono Boost)  
  105  8:17  Robotics Bay  
  109  8:21  Zealot x2  
  113  8:27  Shield Battery, Pylon  
  113  8:32  Protoss Ground Weapons Level 2 (Chrono Boost)  
  111  8:35  Dark Templar  
  111  8:39  Zealot x3  
  117  8:49  Stalker x2  
  117  8:54  Pylon  
  117  8:55  Pylon  
  121  8:57  Assimilator, Probe x2  
  121  8:58  Probe  
  121  9:02  Zealot x3  
  130  9:12  Disruptor (Chrono Boost)  
  131  9:18  Stalker x2, Zealot x2  
  136  9:24  Zealot x2  
  136  9:30  Stalker x2  
  140  9:34  Probe x2  
  141  9:39  Zealot, Probe  
  141  9:40  Disruptor (Chrono Boost)  
  148  9:45  Probe  
  148  9:46  Probe  
  148  9:47  Probe  
  148  9:52  Robotics Facility  
  151  9:59  Probe x2  
  153  10:00  Probe  
  153  10:01  Probe  
  155  10:08  Zealot x4  
  155  10:09  Zealot  
  155  10:11  Zealot  
  155  10:13  Zealot  
  155  10:22  Disruptor (Chrono Boost), Zealot  
  159  10:28  Photon Cannon  
  159  10:29  Zealot  
  159  10:30  Zealot  
  117  10:45  Zealot x5  
  117  10:46  Disruptor, Protoss Ground Weapons Level 3 (Chrono Boost), Blink (Chrono Boost)  
  117  10:49  Probe x3  
  126  11:04  Probe x3  
  127  11:05  Probe  
  127  11:06  Stalker  
  127  11:09  Stalker  
  133  11:16  Disruptor  
  137  11:21  Disruptor  
  137  11:25  Stalker  
  142  11:26  Stalker  
  142  11:27  Stalker  
  141  11:35  Stalker x2  
  145  11:41  Probe x4  
  145  11:46  Dark Templar  
  145  11:47  Dark Templar  
  153  11:52  Disruptor  
  155  11:57  Disruptor, Zealot x2  
  163  12:04  Probe  
  164  12:09  Pylon x2  
  164  12:10  Pylon  
  164  12:11  Pylon  
  164  12:14  Pylon  
  163  12:17  Nexus  
  163  12:22  Dark Templar  
  164  12:28  Disruptor  
  168  12:31  Dark Templar x2  
  168  12:32  Zealot x4  
  176  12:41  Disruptor  
  172  12:54  Zealot x4  
  129  13:17  Probe x3  
  129  13:18  Probe  
  137  13:20  Zealot x5, Immortal x2  
  147  13:27  Photon Cannon  
  147  13:29  Shield Battery, Probe  
  146  13:38  Robotics Bay  
  146  13:41  Stalker x3, Zealot  
  150  13:42  Zealot  
  150  13:43  Probe x3  
  150  13:44  Probe  
  148  13:58  Probe x4  
  146  14:09  Stalker x5  
  120  14:22  Probe x3  
  116  14:30  Gateway x3  
  112  14:31  Robotics Facility  
  112  14:32  Zealot x3, Robotics Bay, Dark Templar x2  
  114  14:40  Assimilator  
  114  14:41  Assimilator  
Tags
 
Add a new tag
Caveats
  • Supply blocks, unpowered buildings, or Contaminate may cause inaccurate times.
  • Supply counts are checked every 10 seconds.